Map: Shrines of Lizul

Players

Loken

  • Race: Zerg Zerg
  • League: Platinum
  • Spawn Location: 12:00

dallaskuken

  • Race: Protoss Protoss
  • League: Platinum
  • Spawn Location: 3:00

king

  • Race: Protoss Protoss
  • League: Diamond
  • Spawn Location: 9:00

Camux

  • Race: Protoss Protoss
  • League: Platinum
  • Spawn Location: 6:00

VOD

Have the link to the VOD?

Description

Time

  • Played on: March 27, 2017, 6:28 p.m.
  • Length: 13:01
Show
View Real Time Build Order
Export as new Build Order

Loken Zerg 

Build Orders: Pool First 

Get SALT Encoding   

  12  0:01  Drone  
  13  0:09  Drone  
  14  0:19  Overlord  
  14  0:38  Spawning Pool  
  14  0:39  Drone  
  14  0:44  Drone  
  15  0:52  Drone  
  15  0:53  Drone  
  17  0:59  Extractor  
  16  1:08  Drone  
  17  1:31  Queen  
  19  1:37  Hatchery  
  18  1:40  Zergling x4  
  18  1:42  Zergling x2  
  21  1:57  Zergling x2  
  22  2:11  Overlord  
  22  2:26  Overlord  
  22  3:00  Drone  
  22  3:01  Drone x6  
  27  3:32  Spine Crawler  
  22  3:50  Metabolic Boost  
  22  3:52  Zergling x10  
  22  3:53  Zergling x2  
  28  4:12  Zergling x2  
  29  4:21  Zergling x2  
  29  4:22  Zergling x6  
  33  4:36  Zergling x2  
  34  4:38  Lair  
  34  4:39  Hatchery  
  34  4:41  Spore Crawler  
  32  4:56  Zergling x2  
  32  4:57  Zergling x6  
  14  6:04  Drone x4  
  14  6:05  Drone x4  
  21  6:28  Hatchery  
  20  6:39  Hatchery  
  19  7:47  Extractor  
  19  7:50  Extractor  
  17  8:01  Spawning Pool  
  16  8:16  Hatchery  
  15  8:24  Hatchery  
  14  8:28  Drone x2  
  14  8:29  Drone  
  17  8:35  Drone x2  
  19  9:00  Spine Crawler  
  19  9:01  Spine Crawler  
  17  9:03  Spore Crawler  
  17  9:05  Spine Crawler  
  15  9:10  Spine Crawler  
  15  9:12  Queen  
  16  9:24  Zergling x8  
  20  9:38  Zergling x2  
  21  9:39  Zergling x8  
  21  9:43  Zergling x2  
  21  9:44  Zergling x2  
  22  10:07  Zergling x2  
  22  10:08  Zergling x16  
  10  11:14  Spawning Pool  
  10  11:15  Drone x3  
  10  11:16  Drone  
  10  11:17  Drone x2  
  13  11:35  Drone x2  
  15  11:43  Drone x2  
  17  12:00  Drone x3  
  20  12:02  Drone  
  21  12:10  Queen  
  21  12:12  Queen  
  25  12:19  Zergling x4  
  25  12:20  Zergling x2  
  28  12:38  Overlord x3  
Show
View Real Time Build Order
Export as new Build Order

dallaskuken Protoss 

Build Orders:  

Get SALT Encoding   

  12  0:02  Probe (Chrono Boost)  
  13  0:13  Probe (Chrono Boost)  
  14  0:23  Pylon  
  14  0:44  Forge  
  14  0:47  Pylon  
  14  0:49  Probe (Chrono Boost)  
  15  0:56  Pylon  
  15  1:02  Probe (Chrono Boost)  
  16  1:12  Probe (Chrono Boost)  
  17  1:19  Photon Cannon  
  17  1:29  Photon Cannon  
  17  2:09  Pylon  
  17  2:21  Gateway  
  17  2:22  Assimilator  
  17  2:26  Assimilator  
  17  2:29  Photon Cannon  
  17  2:31  Photon Cannon  
  17  2:42  Probe (Chrono Boost)  
  18  2:52  Probe (Chrono Boost)  
  19  3:03  Probe (Chrono Boost)  
  20  3:13  Probe (Chrono Boost)  
  20  3:16  Cybernetics Core  
  21  3:24  Probe (Chrono Boost)  
  22  3:35  Probe (Chrono Boost)  
  22  3:41  Nexus  
  23  3:45  Probe (Chrono Boost)  
  24  3:56  Probe (Chrono Boost)  
  24  3:57  Pylon  
  25  4:17  Stargate  
  25  4:20  Stargate  
  25  4:48  Pylon  
  25  4:49  Pylon  
  25  4:50  Pylon  
  25  4:54  Probe (Chrono Boost)  
  26  5:05  Probe (Chrono Boost)  
  27  5:08  Void Ray  
  27  5:09  Void Ray  
  35  5:15  Probe (Chrono Boost)  
  36  5:26  Probe (Chrono Boost)  
  37  5:32  Fleet Beacon  
  37  5:36  Probe (Chrono Boost)  
  37  5:40  Assimilator  
  38  5:43  Assimilator  
  38  5:46  Void Ray  
  42  6:01  Probe (Chrono Boost)  
  43  6:12  Probe (Chrono Boost)  
  43  6:13  Void Ray  
  48  6:22  Probe (Chrono Boost)  
  49  6:29  Void Ray  
  49  6:33  Probe (Chrono Boost)  
  54  6:43  Probe (Chrono Boost)  
  56  6:54  Probe (Chrono Boost)  
  56  6:56  Carrier  
  62  7:04  Probe (Chrono Boost)  
  63  7:10  Carrier  
  63  7:15  Probe (Chrono Boost)  
  70  7:26  Probe (Chrono Boost)  
  71  7:36  Probe (Chrono Boost)  
  74  7:46  Mothership Core (Chrono Boost)  
  74  7:58  Probe (Chrono Boost)  
  75  8:03  Pylon  
  75  8:05  Pylon x2  
  75  8:08  Probe (Chrono Boost)  
  82  8:19  Probe (Chrono Boost)  
  89  8:29  Probe (Chrono Boost)  
  90  8:40  Probe (Chrono Boost)  
  51  9:18  Stargate x2  
  51  9:20  Stargate x2  
  51  9:31  Pylon x2  
  51  9:33  Pylon  
  31  10:02  Void Ray  
  31  10:03  Void Ray x3  
  45  10:48  Void Ray  
  45  10:49  Void Ray x2  
  57  11:08  Void Ray  
Show
View Real Time Build Order
Export as new Build Order

king Protoss 

Build Orders:  

Get SALT Encoding   

  12  0:04  Probe (Chrono Boost)  
  13  0:14  Probe (Chrono Boost)  
  13  0:19  Pylon  
  14  0:30  Probe (Chrono Boost)  
  15  0:39  Forge  
  15  0:41  Probe (Chrono Boost)  
  16  0:51  Gateway  
  16  0:54  Probe (Chrono Boost)  
  17  1:06  Probe (Chrono Boost)  
  18  1:20  Photon Cannon  
  18  1:25  Assimilator, Probe (Chrono Boost)  
  19  1:36  Probe (Chrono Boost)  
  20  1:47  Probe (Chrono Boost)  
  20  1:48  Cybernetics Core  
  20  1:51  Pylon  
  21  1:56  Pylon  
  21  2:13  Assimilator  
  21  2:18  Photon Cannon  
  21  2:19  Photon Cannon  
  22  2:23  Probe (Chrono Boost)  
  22  2:28  Photon Cannon  
  22  2:30  Stargate  
  22  2:31  Stargate  
  22  2:33  Probe (Chrono Boost)  
  23  2:44  Probe (Chrono Boost)  
  24  2:51  Photon Cannon  
  24  2:52  Photon Cannon  
  24  2:54  Pylon  
  24  3:05  Pylon  
  26  3:06  Mothership Core (Chrono Boost)  
  26  3:10  Pylon  
  26  3:14  Gateway  
  26  3:17  Gateway  
  26  3:31  Void Ray  
  26  3:33  Warp Gate  
  30  3:50  Void Ray  
  34  4:03  Adept x2  
  34  4:07  Pylon  
  38  4:12  Adept  
  40  4:39  Nexus  
  40  4:51  Pylon  
  40  5:01  Void Ray  
  37  5:54  Probe (Chrono Boost)  
  37  5:55  Void Ray x2  
  37  5:56  Probe (Chrono Boost)  
  47  5:59  Photon Cannon  
  47  6:08  Probe (Chrono Boost)  
  48  6:15  Adept x2  
  48  6:16  Adept  
  48  6:17  Probe (Chrono Boost)  
  55  6:26  Gateway  
  55  6:37  Adept  
  55  6:38  Adept  
  59  6:44  Probe (Chrono Boost)  
  59  6:45  Probe (Chrono Boost)  
  57  7:22  Void Ray x2  
  61  7:28  Probe (Chrono Boost)  
  61  7:29  Probe (Chrono Boost)  
  67  7:30  Stalker x2  
  67  7:33  Stalker  
  73  7:38  Stalker  
  73  7:39  Probe (Chrono Boost)  
  76  7:52  Probe x2 (Chrono Boost)  
  78  8:00  Assimilator  
  78  8:03  Probe x2 (Chrono Boost)  
  78  8:05  Stalker x2  
  84  8:22  Void Ray  
  84  8:24  Probe x2 (Chrono Boost)  
  90  8:32  Pylon  
  90  8:35  Probe (Chrono Boost)  
  77  9:06  Void Ray x2  
  85  9:18  Stalker  
  85  9:19  Stalker x2  
  91  9:26  Assimilator  
  91  9:29  Pylon  
  91  9:31  Photon Cannon  
  91  9:32  Photon Cannon, Pylon  
  91  9:33  Photon Cannon  
  91  9:55  Adept  
  91  9:56  Adept x3  
  95  10:08  Pylon  
  88  10:33  Void Ray x2  
  94  10:37  Stalker x2  
  94  10:38  Stalker x2  
  92  10:55  Probe (Chrono Boost)  
  92  10:56  Probe (Chrono Boost)  
  83  11:17  Photon Cannon  
  83  11:20  Photon Cannon  
  83  11:37  Stalker x2  
  83  11:38  Stalker  
  89  11:57  Probe (Chrono Boost)  
  90  12:08  Probe (Chrono Boost)  
  91  12:16  Pylon  
  91  12:18  Probe (Chrono Boost)  
  91  12:19  Pylon  
  92  12:29  Probe (Chrono Boost)  
  93  12:35  Pylon  
  93  12:38  Photon Cannon  
  93  12:39  Probe (Chrono Boost)  
  93  12:41  Photon Cannon  
Show
View Real Time Build Order
Export as new Build Order

Camux Protoss 

Build Orders:  

Get SALT Encoding   

  12  0:01  Probe (Chrono Boost)  
  13  0:11  Probe (Chrono Boost)  
  14  0:24  Pylon  
  14  0:25  Probe (Chrono Boost)  
  15  0:42  Probe (Chrono Boost)  
  16  0:48  Gateway  
  16  0:53  Probe (Chrono Boost)  
  16  0:54  Assimilator  
  17  1:05  Probe (Chrono Boost)  
  18  1:14  Assimilator  
  18  1:18  Probe (Chrono Boost)  
  19  1:28  Probe (Chrono Boost)  
  20  1:54  Probe (Chrono Boost)  
  10  2:08  Probe (Chrono Boost)  
  10  2:18  Probe (Chrono Boost)  
Tags
 
Add a new tag
Caveats
  • Supply blocks, unpowered buildings, or Contaminate may cause inaccurate times.
  • Supply counts are checked every 10 seconds.